AoeStats
← Jim_Raynor

African Clearing

510636284Analyzed
3v3 RM · 16h ago on Oct 1, 2026· 26m 36s· 6 players
Game mode
Random Map
Map size
Normal (6 player)
Population
200
Speed
Normal
Resources
Standard
Victory
Conquest
Starting age
Dark Age
Ending age
Imperial Age
RankedLock teamsTeams togetherTeam positionsShared explorationLock speedFull tech treeHidden civsTurbo modeCheats
Victory
Defeat
🇨🇱 Magyars · Chile
1341
+10
🇨🇱 Ethiopians · Chile
1073
+20
🇷🇺 Huns · Russia
1064
+20
🇦🇷 Turks · Argentina
1200
-18
🇨🇴 Saxons · Colombia
1163
-16
🇵🇪 Huns · Peru
1160
-16
Jim_Raynor
10:14 Loom
12:29 Feudal Age
16:47 Castle Age
14:41 Double-Bit Axe
16:23 Town Watch
19:40 Wheelbarrow
23:46 Scale Barding Armor
24:18 Husbandry
25:41 Gold Mining
ChanDanielz
5:07 Loom
11:43 Feudal Age
12:44 Feudal Age
14:11 Town Watch
17:16 Fletching
Rasec
6:22 Loom
13:23 Feudal Age
17:22 Castle Age
15:24 Double-Bit Axe
15:55 Gold Mining
17:41 Fletching
18:24 Bow Saw
25:42 Ballistics
$$ Xeba $$ :D
5:33 Loom
12:48 Feudal Age
17:41 Fletching
17:52 Padded Archer Armor
22:54 Castle Age
22:05 Double-Bit Axe
23:03 Crossbowman
24:02 Bodkin Arrow
Tog Rulgay
4:20 Loom
15:15 Feudal Age
16:55 Stone Mining
20:46 Castle Age
20:06 Fletching
23:31 Stone Mining
23:43 Double-Bit Axe
25:20 Horse Collar
26:13 Bodkin Arrow
Cris.GCH
11:40 Feudal Age
13:50 Double-Bit Axe
16:11 Castle Age
14:30 Loom
16:49 Double-Bit Axe
18:46 Bow Saw
23:59 Horse Collar
24:24 Fletching
25:02 Husbandry
Connection lost

Rejoining the realm…

Still unreachable

The connection could not be restored.

Session expired

The server has moved on; the page needs a fresh start.